 Dungeon Crawl Stone Soup version 0.20-b1 (webtiles) character file.

432 AlphabetPasta the Charmwright (level 6, -11/36 HPs)
             Began as a Deep Elf Skald on May 27, 2017.
             Was a Follower of Okawaru.
             Killed by nerve-wracking pain
             ... invoked by Grinder
              (13 damage)
             ... while paralysed by Grinder
             ... on level 4 of the Dungeon.
             The game lasted 00:18:11 (3369 turns).

AlphabetPasta the Charmwright (Deep Elf Skald)      Turns: 3369, Time: 00:18:11

Health: -11/36     AC:  7    Str: 10    XL:     6   Next: 67%
Magic:  12/14      EV:  2    Int: 18    God:    Okawaru [*.....]
Gold:   216        SH:  0    Dex: 14    Spells: 5/13 levels left

rFire    . . .     SeeInvis .   a - +0 hand axe
rCold    . . .     Gourm    .   (no shield)
rNeg     . . .     Faith    .   b - +0 leather armour
rPois    .         Spirit   .   p - +0 helmet
rElec    .         Reflect  .   n - +0 cloak
rCorr    .         Harm     .   f - +1 pair of gloves
MR       .....                  (no boots)
Stlth    +.........             (no amulet)
Regen    0.2/turn               (no ring)
MPRegen  0.2/turn               (no ring)

@: paralysed
A: no striking features
a: Heroism, Renounce Religion


You were on level 4 of the Dungeon.
You worshipped Okawaru.
Okawaru was aware of your devotion.
You were hungry.

You visited 1 branch of the dungeon, and saw 4 of its levels.

You collected 216 gold pieces.

Inventory:

Hand Weapons
 a - a +0 hand axe (weapon)
 e - a +0 flail
Missiles
 g - 19 arrows
Armour
 b - a +0 leather armour (worn)
 f - a +1 pair of gloves (worn)
 n - a +0 cloak (worn)
 p - a +0 helmet (worn)
Jewellery
 q - an uncursed ring of resist corrosion {unknown}
Potions
 k - a potion of brilliance {unknown}
 l - a potion of flight {unknown}
 m - a potion of cancellation {unknown}
Books
 c - a book of Battle

   Spells                             Type                      Level
   a - Infusion                       Charms                       1
   b - Shroud of Golubria             Charms/Translocation         2
   c - Song of Slaying                Charms                       2
   d - Spectral Weapon                Hexes/Charms                 3
   e - Regeneration                   Charms/Necromancy            3
Comestibles
 d - 6 bread rations
 i - 10 chunks of flesh
 j - a meat ration
 o - 2 royal jellies


   Skills:
 * Level 2.8 Fighting
 * Level 2.7 Axes
 * Level 2.5 Armour
 + Level 3.7 Dodging
 + Level 4.2 Spellcasting
 + Level 5.5 Charms
 - Level 0.4 Translocations
 + Level 1.8 Invocations


You had 5 spell levels left.
You knew the following spells:

 Your Spells              Type           Power        Failure   Level  Hunger
a - Infusion              Chrm           ###.         1%          1    None
b - Song of Slaying       Chrm           ###.....     2%          2    ##.....
c - Shroud of Golubria    Chrm/Tloc      ##........   9%          2    ##.....
d - Regeneration          Chrm/Necr      ##........   19%         3    ###....


Dungeon Overview and Level Annotations

Branches:
Dungeon (4/15)
 Temple: D:4-7

Altars:
Cheibriados
Okawaru
Yredelemnul

Annotations:
D:4 Grinder


Message History

Your magical infusion is running out.
You hit Grinder.
Grinder is severely wounded.
Grinder hits you.
You writhe in agony.
* * * LOW HITPOINT WARNING * * *
You barely miss Grinder.
Grinder is severely wounded.
Grinder closely misses you.
You barely miss Grinder.
Grinder is heavily wounded.
Grinder blinks!
You are no longer magically infusing your attacks.
Grinder gestures at you.
You suddenly lose the ability to move!
Grinder gestures at you. Pain shoots through your body!
* * * LOW HITPOINT WARNING * * *
Grinder gestures at you. Pain shoots through your body!
You die...

###### #(...# #.
#.##.# . #.##.#######
.## #.##........ ...
#.##.##########.#
#.##.@$...... ).#
#.##.##########.###!#
######.##5# #.<....#
#......##.# #...#####
#.#######.# #.....
#.# ..> #......
##.#####.....
#.#%....
#............#
#........
#...#......... .
..#####.


You could see Grinder.

Vanquished Creatures
  The ghost of AlphabetPasta the Charmwright, an amateur DESk of Okawaru (D:3)
  2 orc priests
  2 orc wizards
  Robin (D:2)
  A howler monkey skeleton (D:3)
  10 adders
  2 oozes
  2 dart slugs
  A leopard gecko (D:1)
  5 orcs
  6 bats
  A giant cockroach (D:2)
  15 hobgoblins
  3 jackals (D:2)
  2 quokkas
  5 frilled lizards
  15 goblins
  6 kobolds
  8 rats
  A fungus (D:1)
89 creatures vanquished.

Notes
Turn   | Place    | Note
-------+----------+-------------------------------------------
     0 | D:1      | AlphabetPasta the Deep Elf Skald began the quest for the Orb.
     0 | D:1      | Reached XP level 1. HP: 12/12 MP: 6/6
    86 | D:1      | Reached XP level 2. HP: 6/17 MP: 0/8
    90 | D:1      | Learned a level 2 spell: Song of Slaying
    93 | D:1      | Learned a level 2 spell: Shroud of Golubria
  1014 | D:2      | Reached skill level 1 in Armour
  1083 | D:2      | Learned a level 2 spell: Shroud of Golubria
  1111 | D:2      | Reached XP level 3. HP: 19/21 MP: 5/9
  1133 | D:2      | Learned a level 3 spell: Regeneration
  1380 | D:2      | Found a snail-covered altar of Cheibriados.
  1607 | D:2      | Found an iron altar of Okawaru.
  1619 | D:2      | Became a worshipper of Warmaster Okawaru
  1756 | D:2      | Noticed Robin
  1763 | D:2      | Reached XP level 4. HP: 25/26 MP: 2/11
  1767 | D:2      | Killed Robin
  1767 | D:2      | Reached skill level 5 in Charms
  2004 | D:2      | Found a basalt altar of Yredelemnul.
  2188 | D:3      | Reached XP level 5. HP: 23/30 MP: 6/12
  2265 | D:3      | Noticed AlphabetPasta's ghost (amateur DESk)
  2352 | D:3      | Killed AlphabetPasta's ghost
  2352 | D:3      | Reached * piety under Okawaru
  2352 | D:3      | Reached skill level 1 in Invocations
  2455 | D:3      | Reached XP level 6. HP: 35/36 MP: 8/13
  3334 | D:4      | Noticed Grinder
  3342 | D:4      | Paralysed by Grinder for 6 turns
  3350 | D:4      | Paralysed by Grinder for 3 turns
  3363 | D:4      | Paralysed by Grinder for 7 turns
  3369 | D:4      | Killed from afar by Grinder

Skill      XL: |  1  2  3  4  5  6 |
---------------+-------------------+-----
Armour         | 1 2 |  2.5
Axes           | 2 |  2.7
Dodging        | 3 |  3.7
Fighting       | 2 |  2.8
Charms         | 5 |  5.5
Invocations    | 1 |  1.8
Spellcasting   | 4 |  4.2
Translocations | |  0.4

Action                   |  1- 3 |  4- 6 || total
-------------------------+-------+-------++-------
Melee: Hand axe          |   104 |   130 ||   234
 Cast: Infusion          |    10 |    18 ||    28
       Shroud of Golubri |     2 |     4 ||     6
       Song of Slaying   |     1 |     1 ||     2
       Regeneration      |       |     1 ||     1
Invok: Heroism           |       |     1 ||     1
  Use: Scroll            |     3 |     3 ||     6
       Potion            |       |     2 ||     2
 Stab: Distracted        |       |     1 ||     1
  Eat: Chunk             |     1 |     5 ||     6
       Royal jelly       |     1 |       ||     1
Armor: Leather armour    |    26 |    45 ||    71
Dodge: Dodged            |    63 |    94 ||   157
